[Event "34th GER-ch Seniors-65 2022"]
[Site "Magdeburg"]
[Date "2022.08.12"]
[Round "1.1"]
[White "Boidman, Yuri"]
[Black "Lehmann, Manfred"]
[Result "1-0"]
[ECO "B22"]
[WhiteElo "2286"]
[BlackElo "1863"]
[Annotator "TA"]
[PlyCount "39"]
[EventDate "2022.08.12"]
[EventType "swiss"]
[EventCountry "GER"]
[SourceTitle "playchess.com"]
[Source "ChessBase"]
[SourceQuality "1"]
[TimeControl "40/5400+30:1800+30"]

1. e4 c6 2. c4 d5 3. exd5 cxd5 4. cxd5 Qxd5 5. d4 Nc6 6. Nf3 e6 7. Nc3 Bb4 8. Bd3 Qa5 {[%emt 0:14:18] B22: Sicilian: 2 c3.} 9. Bd2 Nf6 10. O-O O-O {[%emt 0:00:46] White is slightly better.} 11. a3 Be7 12. Qe2 Qd8 13. Be3 a6 {[%emt 0:04:42] [#]} 14. Rad1 $146 ({Predecessor:} 14. Rac1 b6 15. Rfd1 Bb7 16. Ne5 Qe8 17. Nxc6 Qxc6 18. d5 exd5 19. Nxd5 Qxd5 20. Bxh7+ Kxh7 21. Rxd5 Bxd5 22. Bxb6 {0-1 (41) Barbiso,T-Bekker Jensen,A (2070) Oropesa del Mar 1998}) 14... Nd5 15. Nxd5 exd5 16. Ne5 Nxe5 (16... g6 $14) 17. dxe5 $16 g6 18. f4 {[%emt 0:00:54] Hoping for f5. 0x0.0002da4e566cdp-1022s more active pieces. The black rooks are badly placed.} f5 {[%emt 0:03:30] [#]} (18... d4 $16) 19. Bc4 $1 $18 Be6 {[%emt 0:01:58] [#]} 20. Qf3 $1 {[%emt 0:00:26] Weighted Error Value: White=0.10 (very precise) /Black=0.24 (precise)} 1-0

[Event "34th GER-ch Seniors-65 2022"]
[Site "Magdeburg"]
[Date "2022.08.12"]
[Round "1.3"]
[White "Klundt, Klaus"]
[Black "Hartstock, Elmar"]
[Result "1-0"]
[ECO "B28"]
[WhiteElo "2288"]
[BlackElo "1853"]
[Annotator "TA"]
[PlyCount "43"]
[EventDate "2022.08.12"]
[EventType "swiss"]
[EventCountry "GER"]
[SourceTitle "playchess.com"]
[Source "ChessBase"]
[SourceQuality "1"]
[TimeControl "40/5400+30:1800+30"]

1. e4 c5 2. Nf3 a6 3. Nc3 Nc6 4. d4 cxd4 5. Nxd4 e5 6. Nf5 Nf6 {[%emt 0:00:00][%cal Od7d5] B28: Sicilian: 2 Nf3 a6 (O'Kelly Variation).} 7. Bg5 {[%emt 0:00:00] White is much more active. The black rooks are badly placed.} Bb4 $2 (7... h6 $16 8. Bxf6 Qxf6) 8. Nxg7+ $18 Kf8 9. Bh6 {[%emt 0:00:00] [#]} Kg8 $146 (9... Bxc3+ $2 10. bxc3 Qa5 11. Nh5+ Ke7 12. Nxf6 $18) ({Predecessor:} 9... Ke7 10. Nf5+ Ke8 11. a3 Bxc3+ 12. bxc3 Nxe4 13. Bc4 Qa5 14. O-O d5 15. Ng7+ Ke7 16. Qxd5 Qxd5 17. Bxd5 Nxc3 {1-0 (37) Andrejevic,M (1984)-Ruzicic,M Belgrade 2008}) 10. Nh5 {[%emt 0:00:00] [#] aiming for Qf3.} d5 (10... Nd4 {was called for.} 11. Bc4 Qb6) 11. Bg5 Bxc3+ $2 (11... Be7 12. Bxf6 (12. exd5 Nxd5 13. Nxd5 Bxg5 $18) 12... Bxf6 13. Nxd5 Bh4) 12. bxc3 {[%emt 0:00:00] White is clearly winning.} Qa5 13. Nxf6+ Kg7 14. Nxd5 Kg6 {[%emt 0:00:00] Inhibits Qh5+.} 15. h4 {[%emt 0:00:00][%cal Bh2h4,Bh4h5][%mdl 32] [#] White threatens Qf3 and mate.} Be6 16. h5+ Kg7 17. Bf6+ Kg8 18. Qf3 {[%emt 0:00:00] Strongly threatening Qg3+.} Kf8 19. Bxh8 Bxd5 20. exd5 Nd4 21. Qd3 Rc8 22. Rh3 {[%emt 0:00:00] Black did not feel at home in the position after the opening.  Weighted Error Value: White=0.66/Black=2.00} 1-0

[Event "34th GER-ch Seniors-65 2022"]
[Site "Magdeburg"]
[Date "2022.08.12"]
[Round "1.4"]
[White "Lindner, Helmut"]
[Black "Polster, Wolfgang"]
[Result "0-1"]
[ECO "C06"]
[WhiteElo "1847"]
[BlackElo "2237"]
[Annotator "TA"]
[PlyCount "106"]
[EventDate "2022.08.12"]
[EventType "swiss"]
[EventCountry "GER"]
[SourceTitle "playchess.com"]
[Source "ChessBase"]
[SourceQuality "1"]
[TimeControl "40/5400+30:1800+30"]

1. e4 e6 2. d4 d5 3. Nd2 a6 4. c3 c5 5. Ngf3 Nf6 6. e5 Nfd7 7. Bd3 Nc6 8. O-O Be7 9. Bb1 {[%emt 0:03:02] [#] C06: French Tarrasch: 3...Nf6 4 e5 Nfd7 5 Bd3 main lines.} cxd4 $146 ({Predecessor:} 9... b5 10. a3 cxd4 11. cxd4 Qb6 12. Nb3 a5 13. Be3 a4 14. Nc1 Na5 15. Nd2 Nc4 16. Nxc4 bxc4 {1-0 (51) Sandhoefner,F (2334)-Schwabeneder,F (2455) Aschach 2018}) 10. cxd4 Qb6 11. Nb3 {[%emt 0:04:31] White is slightly better.} a5 12. a4 $1 Qd8 13. Bd2 Nb6 14. Nc1 Nc4 15. Bc3 Bb4 16. Ne2 Bxc3 17. bxc3 f6 18. exf6 Qxf6 19. Nd2 (19. Ng3 $16) 19... Nd6 $14 20. Re1 O-O 21. Nf3 Bd7 22. Qd3 g6 23. Ng3 Rac8 24. Ra2 Nc4 25. Rae2 ({Better is} 25. Nf1 $14) 25... Ne7 (25... Nd8 $11) 26. Nh5 Qf5 $11 27. Qxf5 (27. Ng3 $5 Qxd3 28. Bxd3 $11) 27... Nxf5 28. Bxf5 Rxf5 29. Ng3 Rf6 (29... Rff8 $5 ) 30. Ra2 Rff8 31. Ng5 Rfe8 32. f4 Nd6 33. Ne2 Rc4 34. Rea1 Rc7 35. Nf3 Nc4 36. Kf2 b5 37. axb5 Bxb5 38. Ne5 a4 39. Rb1 (39. Nxc4 $11 {remains equal.} Rxc4 40. Rb1) 39... Nd6 $17 40. Ke3 (40. c4 $17 {keeps fighting.} Bxc4 41. Nxc4 Rxc4 42. Rb6 Ne4+ 43. Ke3) 40... Ra8 (40... Bxe2 $19 41. Kxe2 Ne4) 41. Nd3 a3 {[%emt 0:34:00] Black is more active.} 42. Kd2 (42. Rb3 $17 {was necessary.}) 42... Ne4+ $19 43. Kc2 Bc4 44. Raa1 a2 45. Rb2 Ra3 46. Ndc1 Bxe2 {[%emt 0:00:00] Really sharp!} 47. Nxe2 Nxc3 48. Nxc3 (48. Rb8+ $142 Kg7 49. Kb2) 48... Rcxc3+ {[%emt 0:00:00] KRR-KRR} 49. Kd1 Rc4 50. Rd2 Raa4 51. g3 $2 {[%emt 0:00:00] [#]} (51. Raxa2 Rxa2 52. Rxa2) 51... Rxd4 52. Raxa2 Rxa2 53. Rxd4 Rxh2 {[%emt 0:00:00] Weighted Error Value: White=0.30/Black=0.15 (very precise)} 0-1

[Event "34th GER-ch Seniors-65 2022"]
[Site "Magdeburg"]
[Date "2022.08.12"]
[Round "1.5"]
[White "Klein, Gernot"]
[Black "Buchal, Stephan"]
[Result "0-1"]
[ECO "B15"]
[WhiteElo "1853"]
[BlackElo "2230"]
[Annotator "TA"]
[PlyCount "102"]
[EventDate "2022.08.12"]
[EventType "swiss"]
[EventCountry "GER"]
[SourceTitle "playchess.com"]
[Source "ChessBase"]
[SourceQuality "1"]
[TimeControl "40/5400+30:1800+30"]

1. e4 g6 2. Nc3 Bg7 3. f4 c6 4. Nf3 d5 5. e5 Nh6 6. d4 O-O 7. h3 {[%emt 0:00:20] Prevents Bg4. B15: Caro-Kann: 3 Nc3: 3...g6 and 3...dxe4 4 Nxe4 Nf6 5 Nxf6+ exf6.} f6 8. Be3 Qb6 {[%emt 0:15:10] was the old line (8...fxe5).} 9. Na4 {[%emt 0:07:16] White is slightly better.} Qa5+ 10. c3 {[%emt 0:02:00] [#]} Qc7 $146 ({Predecessor:} 10... Nf5 11. Bf2 fxe5 12. dxe5 Nd7 13. b4 Qc7 14. Bd3 a5 15. a3 axb4 16. axb4 Nh6 {0-1 (51) Shomoev,A (2557)-Kokarev,D (2635) Moscow 2013}) 11. Be2 b6 12. O-O (12. Bf2 $14) 12... Nd7 (12... Nf5 $11 13. Bf2 Bh6) 13. b3 Nf5 14. Bf2 fxe5 (14... Bh6 $11) 15. dxe5 (15. fxe5 $16 Bh6 16. Bd3) 15... e6 16. g4 Nh6 17. Be3 (17. Bg3 $16) 17... Bb7 18. Nd4 (18. Qe1 $1 $11) 18... Rae8 $15 19. g5 Nf5 20. Nxf5 Rxf5 (20... exf5 $15 21. Bf3 Nxe5 $1 22. fxe5 Ba6) 21. Bd3 (21. Bg4 $11 {feels stronger.}) 21... Rf7 $1 22. Rc1 (22. Qe2 $15) 22... c5 {[%emt 0:05:35][%cal Od7e5] Strongly threatening ...Nxe5!} 23. Qg4 Qc6 (23... Ref8 $142 24. Qxe6 Nxe5 25. fxe5 Bxe5) 24. Be2 (24. Qg2 $17 {only move.}) 24... Ref8 $19 ({And not} 24... d4 25. cxd4 (25. Bf3 $2 Qxf3 26. Rxf3 Nxe5 $19) 25... Qe4 26. Qf3 Qxf3 27. Bxf3 Bxf3 28. Rxf3 $17) 25. Qg2 Qc7 {[%emt 0:04:40][%cal Od5d4] White must now prevent ...d4!} 26. Qg4 Qc6 {[%emt 0:00:34][%cal Od7e5] ...Nxe5! is the strong threat.} 27. Qg2 $1 Qc8 (27... b5 $1 $17 28. Nb2 Qb6) 28. Qg4 $15 Nb8 29. h4 Nc6 30. h5 gxh5 (30... d4 $15 31. cxd4 cxd4 32. Bxd4 Qd7) 31. Qxh5 Ne7 32. Rf2 (32. Qh3 $11) 32... Nf5 $1 $17 33. Rh2 Bh8 $2 (33... Bxe5 $1 $19 34. Bd3 Bd6 35. Bxf5 exf5) 34. Bf2 $14 Bc6 35. Bd3 (35. Bg4 $14 Rg7 36. Nb2) 35... Rg7 $11 36. Nb2 Be8 37. Qh3 Bg6 38. Nd1 {[%emt 0:01:02] [#]} (38. Re1 $14 {stays ahead.}) 38... Qd7 (38... Ne7 $1 $17 {Hoping for ...Bxd3.} 39. Be2 (39. Bxg6 $2 Nxg6 40. Bg3 Nxf4 $19) 39... Rxf4) 39. Be2 d4 40. cxd4 Nxd4 (40... Rgf7 $5 41. dxc5 Qd2 $11) 41. Bg4 (41. Bxd4 $11 {and White has nothing to worry.} Qxd4+ 42. Rf2) 41... Rxf4 $19 42. Ne3 $2 (42. Be3 Rf8 43. Bxd4 Qxd4+ 44. Ne3) 42... Rgf7 43. Nc4 {[%emt 0:03:14] [#]} Rxg4+ 44. Qxg4 Nf3+ 45. Kg2 Nxh2 46. Kxh2 Rxf2+ 47. Kg1 Rf8 48. Rd1 Qf7 49. Qg2 {[%emt 0:03:14] Prevents Qf2+.} Qf4 {[%emt 0:02:18] ( -> ...b5)} 50. Rd6 Be4 51. Qh3 Qf2# {[%emt 0:00:12] Weighted Error Value: White=0.83/Black=0.37} 0-1

[Event "34th GER-ch Seniors-65 2022"]
[Site "Magdeburg"]
[Date "2022.08.12"]
[Round "1.6"]
[White "Rahls, Peter"]
[Black "Bars, Joachim"]
[Result "1-0"]
[ECO "B12"]
[WhiteElo "2223"]
[BlackElo "1820"]
[Annotator "TA"]
[PlyCount "109"]
[EventDate "2022.08.12"]
[EventType "swiss"]
[EventCountry "GER"]
[SourceTitle "playchess.com"]
[Source "ChessBase"]
[SourceQuality "1"]
[TimeControl "40/5400+30:1800+30"]

1. e4 c6 2. d4 d5 3. e5 Bf5 4. Nf3 e6 5. Be2 Nd7 6. Be3 Qc7 {[%emt 0:00:28] B12: Caro-Kann: Advance Variation.} (6... Qb6 $5 7. Qc1 f6 $11) 7. O-O c5 (7... Ne7 $11 {keeps the balance.}) 8. c3 Ne7 {[%emt 0:00:52] White is slightly better.} 9. Na3 {[%emt 0:04:14] Hoping for Nb5.} a6 {[%emt 0:00:43] Prevents Nb5.} 10. Rc1 Nc6 11. Nh4 {[%emt 0:04:10] [#]} Be4 $146 ({Predecessor:} 11... Be7 12. Nxf5 exf5 13. Bf3 cxd4 14. cxd4 Nb6 15. Qb3 Rd8 16. Nb1 Nc4 17. Bxd5 N6a5 18. Rxc4 {1-0 (29) Valverde Lujan,C-Franco Mansilla,M Valladolid 1996}) 12. f3 Bg6 13. Nxg6 hxg6 14. Qd2 (14. Nc2 $14) 14... c4 15. Nc2 Qd8 16. Bf4 Ne7 17. g4 Ng8 18. Bg3 Be7 19. Ne3 Bh4 20. Kg2 Qe7 21. b3 b5 22. f4 Nb6 23. bxc4 Nxc4 24. Nxc4 bxc4 25. Rb1 Nh6 26. Qb2 (26. Rb2 $142) 26... O-O $16 27. Qb4 (27. Bf3 $16) 27... Qd8 28. Qb6 Bxg3 29. Kxg3 Qd7 (29... Rb8 $14 30. Qxd8 (30. Qxa6 Ra8 $11) 30... Rfxd8) 30. Qa5 (30. Bd1 $16) 30... Rfc8 (30... Rfb8 $11 {remains equal.}) 31. Rb4 {[%emt 0:00:00] White now steadily converts the win.} Qa7 (31... f6 $142) 32. Rfb1 {[%emt 0:00:00] aiming for Rb7.} Rab8 {[%emt 0:00:00] Against Rb7} 33. Bd1 Rxb4 34. Qxb4 Kh7 (34... Qd7 {was called for.} 35. Ba4 Qd8) 35. Bc2 Qd7 36. h4 Kh8 37. Ba4 Qd8 38. Qb6 {[%emt 0:00:00] Active counter play!} Qf8 39. Qd6 {[%emt 0:00:00] Prevents Qa3.} Kh7 (39... Qxd6 $16 {was necessary.} 40. exd6 Rd8) 40. Qxf8 $18 ({Avoid the trap} 40. Qxa6 $2 Qa3 $1 41. Qa5 (41. Qxc8 $2 {perishes.} Qxc3+ 42. Kg2 Qd2+ 43. Kh3 Qd3+ 44. Kg2 Qxb1 $19) 41... Ra8 $3 $19 ) 40... Rxf8 {[%emt 0:00:00][%mdl 4096] Endgame KRB-KRN} 41. Rb6 {[%emt 0:13:36] Threatens to win with Bc2.} Ra8 $2 (41... a5 42. Rb5 Ra8) 42. Bc2 Kg8 43. a4 Kf8 44. a5 Ng8 45. f5 gxf5 46. gxf5 exf5 47. Bxf5 Ne7 48. Kf4 g6 $2 (48... Ke8 {might work better.} 49. Bg4 Ng8) 49. Bh3 Ra7 50. Ke3 Kg7 51. Kf4 $2 (51. Bg4 $18 Kf8 52. Kf4) 51... Ra8 $2 (51... Kf8 $1 $11 52. Bg2 Kg7) 52. Rb7 Nc6 (52... Kf8 $142 53. Bg2 Ke8) 53. Bg2 {[%emt 0:01:01] White is clearly winning.} Nxa5 {[%emt 0:00:32] [#]} 54. Rd7 (54. Rxf7+ $142 $3 Kxf7 (54... Kh6 55. Bxd5) 55. Bxd5+ Ke7 56. Bxa8) 54... Nb3 55. Bxd5 {[%emt 0:00:30] Weighted Error Value: White=0.38/Black=0.51} 1-0

[Event "34th GER-ch Seniors-65 2022"]
[Site "Magdeburg"]
[Date "2022.08.12"]
[Round "1.7"]
[White "Fleischer, Martin"]
[Black "Heinig, Wolfram"]
[Result "1/2-1/2"]
[ECO "B13"]
[WhiteElo "1830"]
[BlackElo "2244"]
[Annotator "TA"]
[PlyCount "123"]
[EventDate "2022.08.12"]
[EventType "swiss"]
[EventCountry "GER"]
[SourceTitle "playchess.com"]
[Source "ChessBase"]
[SourceQuality "1"]
[TimeControl "40/5400+30:1800+30"]

1. e4 c6 2. Nf3 d5 3. exd5 cxd5 4. d4 Nc6 5. c3 Bg4 6. h3 {[%emt 0:01:05] B13: Caro-Kann: Exchange Variation and Panov-Botvinnik Attack.} Bh5 7. Bb5 {[%emt 0:01:46] 7.Qb3 is becoming the main line.} Qb6 {[%emt 0:02:57] [#]} 8. Bxc6+ $146 ({Predecessor:} 8. Ba4 e6 9. Nbd2 Nf6 10. Bc2 Bd6 11. O-O O-O 12. Re1 Rac8 13. g4 Bg6 14. Bxg6 hxg6 {0-1 (58) Carvalho,J (1811)-Farias,E (1773) Teresina 2022}) 8... bxc6 9. Nbd2 e6 10. g4 Bg6 11. Ne5 Bd6 12. Qe2 Ne7 13. Nxg6 (13. Nb3 $11 {keeps the balance.}) 13... Nxg6 $17 14. Nf3 Rb8 15. b4 a5 16. a3 Ra8 17. Rb1 axb4 18. axb4 O-O (18... Qb7 {seems wilder.} 19. Kf1 Qb5 20. h4 Ke7) 19. O-O Qc7 20. Re1 Rfe8 21. Ne5 Nf8 22. g5 Bxe5 23. Qxe5 Qxe5 24. dxe5 Ra2 25. Rb2 Rea8 26. Kg2 (26. c4 $15) 26... Nd7 (26... Rxb2 $17 27. Bxb2 Ra2) 27. Rbe2 Nb6 (27... g6 $15) 28. Be3 $11 {[%emt 0:01:33] [#] Hoping for Rxa2.} Nc4 29. Rxa2 Rxa2 $15 {[%emt 0:00:49][%mdl 4096] Endgame KRB-KRN} 30. Bd4 h5 31. gxh6 $1 gxh6 32. Kg3 Kh7 33. h4 Na3 34. Rc1 Nb5 35. Be3 Na3 (35... Ra3 $15) 36. Bd4 Kg6 37. Kf3 Nc4 38. Rg1+ Kf5 39. Rg7 Nxe5+ 40. Bxe5 Kxe5 41. Rxf7 $11 {[%emt 0:30:17] KR-KR} Ra3 42. Kg4 $1 Rxc3 43. f4+ Kd4 (43... Ke4 $5 ) 44. Rf6 {[%emt 0:00:58][%csl LRe6,LRh6] The position is equal.} e5 45. fxe5 Kxe5 46. Rxh6 d4 47. Rh8 Rc1 48. Re8+ Kd5 {[%emt 0:00:00] [#] White must now prevent ...d3.} 49. Rd8+ Ke4 50. Re8+ Kd3 {[%emt 0:00:00] Strongly threatening ...Kc3.} 51. h5 Kc3 52. h6 {[%emt 0:00:00] aiming for h7.} Rh1 53. Re6 Kxb4 {[%emt 0:00:00] Threatens to win with ...c5.} 54. Rxc6 d3 55. Rd6 Kc3 56. Kg5 d2 57. Kg6 Rg1+ 58. Kf6 d1=Q 59. Rxd1 Rxd1 60. h7 Rh1 61. Kg7 Rxh7+ 62. Kxh7 {[%emt 0:09:53] Weighted Error Value: White=0.09 (flawless) /Black=0.09 (flawless)} 1/2-1/2

[Event "34th GER-ch Seniors-65 2022"]
[Site "Magdeburg"]
[Date "2022.08.12"]
[Round "1.8"]
[White "Schulz, Michael"]
[Black "Meinke, Dietlind"]
[Result "1-0"]
[ECO "D00"]
[WhiteElo "2217"]
[BlackElo "1827"]
[Annotator "TA"]
[PlyCount "63"]
[EventDate "2022.08.12"]
[EventType "swiss"]
[EventCountry "GER"]
[SourceTitle "playchess.com"]
[Source "ChessBase"]
[SourceQuality "1"]
[TimeControl "40/5400+30:1800+30"]

1. d4 d5 2. Bg5 Nf6 3. Bxf6 exf6 4. e3 Bf5 5. Bd3 Bxd3 6. Qxd3 c6 7. Nf3 {[%emt 0:01:26] is cutting edge theory.} Nd7 {[%emt 0:01:51] D00: 1 d4 d5: Unusual lines.} 8. O-O Bd6 9. Nbd2 O-O {[%emt 0:00:34][%cal Bh8f8,Bf8e8,Be8e6][%mdl 32] The position is equal.} 10. e4 Nb6 11. Rfe1 {[%emt 0:04:28] [#]} Bf4 $146 ({Predecessor:} 11... Re8 12. g3 Rc8 13. a3 Bb8 14. exd5 Qxd5 15. c4 Qh5 16. Kg2 f5 17. b4 f4 {1-0 (28) Hain,G-Hoegerl,F Ludwigshafen 1994}) 12. b3 Re8 13. a4 Bxd2 14. Nxd2 dxe4 15. Rxe4 Re6 16. Rae1 Qd7 17. c4 Rae8 18. a5 Nc8 19. c5 Qd5 20. Rxe6 fxe6 21. Nc4 Rd8 22. Qh3 Re8 23. Qe3 Kf7 24. h3 Re7 {[%emt 0:00:38] [#]} ({Better is} 24... Rd8 $14) 25. Qf4 $1 $16 {[%emt 0:01:27] White is more active.} Qd8 (25... Ke8 $16 26. Qb8 Qd8) 26. g3 (26. a6 $1 $18 Qc7 27. Qf3) 26... g5 $2 {[%emt 0:02:06] [#] Black cannot hold the game after this.} (26... a6 $1 $14) 27. Qe4 $1 $18 Kg7 28. h4 {[%emt 0:01:21] aiming for hxg5.} Qd5 29. hxg5 Qxg5 (29... Qxe4 30. gxf6+ (30. Rxe4 fxg5 31. a6 b6 $16) 30... Kxf6 31. Rxe4 a6) 30. Nd6 {[%emt 0:00:39] White is clearly winning.} Nxd6 31. cxd6 Rd7 32. Qxe6 {[%emt 0:00:21] Weighted Error Value: White=0.16 (very precise) /Black=0.32} 1-0

[Event "34th GER-ch Seniors-65 2022"]
[Site "Magdeburg"]
[Date "2022.08.12"]
[Round "1.9"]
[White "Bodemer, Wolfgang"]
[Black "Glienke, Manfred"]
[Result "1/2-1/2"]
[ECO "E11"]
[WhiteElo "1852"]
[BlackElo "2205"]
[Annotator "TA"]
[PlyCount "44"]
[EventDate "2022.08.12"]
[EventType "swiss"]
[EventCountry "GER"]
[SourceTitle "playchess.com"]
[Source "ChessBase"]
[SourceQuality "1"]
[TimeControl "40/5400+30:1800+30"]

1. d4 Nf6 2. c4 e6 3. Nf3 d5 4. g3 Bb4+ 5. Bd2 a5 6. Bg2 O-O 7. a3 Bxd2+ 8. Nbxd2 Nc6 9. O-O a4 {[%emt 0:00:56] E11: Bogo-Indian.} 10. e3 {[%emt 0:05:22] [#]} Ra7 $146 ({Predecessor:} 10... Bd7 11. Ne5 Qe7 12. Rc1 Rfd8 13. Nxd7 Qxd7 14. cxd5 exd5 15. Rc3 Ne7 16. Qc2 c6 {0-1 (61) Riediger,M (2246)-Kosic,D (2528) Bayern 2015}) 11. Rc1 Bd7 {[%emt 0:01:31] White is better.} 12. Qe2 ({Better is} 12. Ne5 $16) 12... h6 13. Rfd1 Na5 14. Ne5 dxc4 15. Ndxc4 Bb5 16. Qe1 Nb3 17. Rc2 c6 18. Nd2 Na5 19. Ndc4 (19. Nb1 $14) 19... Nxc4 20. Nxc4 {[%emt 0:01:10] White is slightly better.} Qe7 21. Ne5 Rd8 22. Rdc1 Nd7 {[%emt 0:04:00] Weighted Error Value: White=0.12 (very precise) /Black=0.10 (very precise)} 1/2-1/2

[Event "34th GER-ch Seniors-65 2022"]
[Site "Magdeburg"]
[Date "2022.08.12"]
[Round "1.10"]
[White "Vatter, Hans-Joachim"]
[Black "Andrijenko, Anatoliy"]
[Result "1-0"]
[ECO "D82"]
[WhiteElo "2186"]
[BlackElo "1822"]
[Annotator "TA"]
[PlyCount "95"]
[EventDate "2022.08.12"]
[EventType "swiss"]
[EventCountry "GER"]
[SourceTitle "playchess.com"]
[Source "ChessBase"]
[SourceQuality "1"]
[TimeControl "40/5400+30:1800+30"]

1. d4 Nf6 2. c4 g6 3. Nc3 d5 4. Bf4 c6 5. e3 Bg7 6. h3 {[%emt 0:00:24] D82: Grünfeld: 4 Bf4.} h5 (6... O-O $11 {keeps the balance.}) 7. Nf3 Bf5 8. Qb3 {[%emt 0:03:33] [#] White is better.} b6 $146 {[%emt 0:02:33] [#]} (8... Qb6 $14) ({Predecessor:} 8... Qb6 9. Qxb6 axb6 10. cxd5 cxd5 11. Bb5+ Bd7 12. O-O O-O 13. Rfc1 e6 14. Bc7 Bc6 15. Bxb6 {0-1 (36) Llagaria Vidal,E-Arechavaleta Saez,J Spain 1981}) 9. cxd5 $1 $18 Nxd5 10. Nxd5 Qxd5 11. Qxd5 (11. Bc4 $18 Qa5+ 12. Ke2) 11... cxd5 $16 12. Rc1 O-O 13. Kd2 Nd7 14. Ba6 Nf6 15. Bb7 {[%emt 0:00:00] White is more active.} Ne4+ 16. Ke2 Bc8 17. Bxa8 $18 ({Don't do} 17. Bxd5 $6 Ba6+ 18. Bc4 Bb7) 17... Ba6+ 18. Ke1 Rxa8 19. Nd2 g5 20. Bh2 f6 21. f3 Nxd2 22. Kxd2 e5 23. Rc7 Bf8 24. dxe5 Bb4+ 25. Kc1 Bc5 (25... f5 {was necessary.} 26. Rd1 Rc8) 26. Re1 f5 27. Kc2 Rc8 28. Rxc8+ ({Less strong is} 28. Rxa7 Bxe3+ 29. Kb3 Bc4+ 30. Ka3 Bf2 $16) 28... Bxc8 {[%emt 0:02:30][%mdl 4096] Endgame KRB-KB} 29. f4 g4 30. Bg3 Kf7 31. Bf2 Be7 32. a3 h4 33. Rc1 Bd7 34. Be1 Bc5 35. Kd2 d4 $2 (35... g3 36. b4 Be7) 36. exd4 Bxd4 37. Bxh4 gxh3 38. gxh3 Bxb2 39. Rc7 Ke6 40. Rxa7 Bc6 41. Bf6 Bd4 42. h4 {[%emt 0:00:00] aiming for h5.} Kd5 43. h5 {[%emt 0:32:00] Threatens to win with h6.} Ke4 44. h6 {[%emt 0:00:30] Intending h7 and mate.} Be3+ 45. Kc2 {[%emt 0:00:00] White wants to mate with h7.} Bb5 46. h7 Bd3+ 47. Kb3 b5 {[%emt 0:00:00] [#]} 48. h8=Q $1 {[%emt 0:00:00] Weighted Error Value: White=0.22 (precise) /Black=0.45} 1-0

[Event "34th GER-ch Seniors-65 2022"]
[Site "Magdeburg"]
[Date "2022.08.12"]
[Round "1.11"]
[White "Huhn, Ulrich"]
[Black "Koehler, Gerhard"]
[Result "0-1"]
[ECO "C12"]
[WhiteElo "1827"]
[BlackElo "2184"]
[Annotator "TA"]
[PlyCount "66"]
[EventDate "2022.08.12"]
[EventType "swiss"]
[EventCountry "GER"]
[SourceTitle "playchess.com"]
[Source "ChessBase"]
[SourceQuality "1"]
[TimeControl "40/5400+30:1800+30"]

1. d4 Nf6 2. Nc3 d5 3. Bg5 e6 4. e4 Bb4 5. e5 h6 6. Bd2 Bxc3 7. Bxc3 Ne4 8. Bd3 Nxc3 {[%emt 0:01:46] C12: French: Classical System: McCutcheon Variation.} 9. bxc3 c5 10. Nf3 Qa5 {[%emt 0:00:56] Black is slightly better.} 11. Qd2 Nc6 12. Be2 {[%emt 0:25:57] [#]} O-O $146 ({Predecessor:} 12... Bd7 13. Rb1 b6 14. Bb5 Nxe5 15. Bxd7+ Nxd7 16. O-O Rc8 17. Rfe1 cxd4 18. Qxd4 O-O {0-1 (35) Giersing/Pritzel-Capablanca,J Copenhagen 1911}) 13. O-O {[%emt 0:06:39] White is now going downhill.} (13. dxc5 $15 Qxc5 14. O-O) 13... cxd4 $17 14. cxd4 Qxd2 15. Nxd2 Nxd4 16. Bd3 Bd7 17. Rab1 b6 18. c3 Nc6 19. f4 Rac8 20. Rfc1 (20. c4 $17 {is a better defense.}) 20... Na5 ({Better is} 20... g5 $19 21. fxg5 Nxe5) 21. Nf3 Rc5 22. Nd4 Rfc8 23. Ne2 Nc4 24. Kf2 Ra5 25. Bxc4 Rxc4 ({Stronger than} 25... dxc4 26. Rb2 $17) 26. Rb2 Rca4 27. Rcc2 Bb5 28. Nc1 $2 {[%emt 0:00:00] [#]} (28. g3) 28... Rxf4+ $19 29. Kg3 Rc4 30. Ne2 Rca4 31. Nd4 Bc4 32. Nc6 Rc5 33. Nb4 (33. Nd4 $142) 33... a5 {[%emt 0:00:52] Weighted Error Value: White=0.39/Black=0.08 (flawless)} 0-1

[Event "34th GER-ch Seniors-65 2022"]
[Site "Magdeburg"]
[Date "2022.08.12"]
[Round "1.12"]
[White "Gruzmann, Boris"]
[Black "Abel, Hans-Peter"]
[Result "1-0"]
[ECO "B07"]
[WhiteElo "2173"]
[BlackElo "1796"]
[Annotator "TA"]
[PlyCount "47"]
[EventDate "2022.08.12"]
[EventType "swiss"]
[EventCountry "GER"]
[SourceTitle "playchess.com"]
[Source "ChessBase"]
[SourceQuality "1"]
[TimeControl "40/5400+30:1800+30"]

1. e4 d6 2. d4 Nf6 3. Nc3 g6 4. Bg5 Bg7 5. e5 dxe5 6. dxe5 Nfd7 {[%emt 0:01:40] B07: Pirc Defence: Miscellaneous Systems.} 7. f4 (7. e6 $5 fxe6 8. Qd2 $14) 7... O-O 8. Nf3 Nc6 {[%emt 0:09:30] The position is equal.} 9. Bb5 Ndb8 (9... f6 $11 10. Bh4 Nb6) 10. O-O {[%emt 0:01:18] [#]} Be6 $146 ({Predecessor:} 10... a6 11. Ba4 Be6 12. Qxd8 Rxd8 13. Rfd1 f6 14. exf6 exf6 15. Bh4 Rf8 16. Nd5 Bxd5 17. Rxd5 {½-½ (26) Csapo,Z (2162)-Farago,S (2275) Budapest 2007}) 11. Bh4 h6 12. Bf2 a6 13. Ba4 ({White should play} 13. Bd3 $16) 13... b5 14. Bb3 Qc8 15. Ne4 Bg4 16. Nc5 {[%emt 0:04:03] Black must now prevent h3. White is much more active.} Rd8 (16... Nd7 $142) 17. Qe2 {[%emt 0:04:19] h3 is the strong threat.} Nd4 $2 {[%emt 0:10:00] [#] This move loses the game for Black.} (17... Na5 $16 18. h3 Nxb3 19. axb3 Bxf3 20. Qxf3 Nd7) 18. Bxd4 $18 ({Not} 18. Bxf7+ Kxf7 19. Bxd4 Rxd4 $11) 18... Rxd4 19. Qe3 Rd8 20. e6 Rd6 21. exf7+ Kf8 $2 (21... Kh7 22. Rae1 (22. Qxe7 Nc6 $18) 22... Nd7) 22. Rae1 {[%emt 0:04:57][%csl Ge1][%cal Re3e7] [#] White is clearly winning.} Nc6 23. c3 a5 24. Ne5 {[%emt 0:02:56] Weighted Error Value: White=0.14 (very precise) /Black=0.53} 1-0